 Dungeon Crawl Stone Soup version 0.26.1-11-gd32895ea62 (webtiles) character file.

Game seed: 6865615252935661271

3246 Almogavar the Carver (level 9, -10/72 HPs)
             Began as a Barachi Fighter on May 5, 2021.
             Was a Priest of Makhleb.
             Mangled by a white ugly thing (17 damage)
             ... on level 7 of the Dungeon.
             The game lasted 00:16:32 (8950 turns).

Almogavar the Carver (Barachi Fighter)              Turns: 8950, Time: 00:16:33

Health: -10/72     AC: 14    Str: 21    XL:     9   Next: 99%
Magic:  9/9        EV:  8    Int:  8    God:    Makhleb [***...]
Gold:   664        SH: 11    Dex: 12    Spells: 8/8 levels left

rFire    . . .     SeeInvis .   r - +2 long sword (drain)
rCold    . . .     Faith    .   c - +0 kite shield
rNeg     . . .     Spirit   .   i - +0 chain mail
rPois    .         Reflect  .   (no helmet)
rElec    .         Harm     .   y - scarf {+Inv}
rCorr    .         Rampage  .   (no gloves)
Will     .....                  D - +2 pair of boots
Stlth    ..........             (no amulet)
HPRegen  0.22/turn              (no ring)
MPRegen  0.11/turn              (no ring)

@: can't hop, slow
A: +LOS, swims, slowness 1, strong legs 1
a: Hop, Renounce Religion, Evoke Invisibility, Minor Destruction, Lesser Servant
of Makhleb


You were on level 7 of the Dungeon.
You worshipped Makhleb.
Makhleb was most pleased with you.
You visited 1 branch of the dungeon, and saw 8 of its levels.

You collected 664 gold pieces.

Inventory:

Hand Weapons
 r - a +2 long sword of draining (weapon)
 t - the +9 war axe "Beetlebane" {speed, rElec Int+4}
   (You found it on level 4 of the Dungeon)

   Attacks with this weapon are significantly faster.
   It affects your intelligence (+4).
   It insulates you from electricity.
 G - a +1 whip of electrocution
Missiles
 e - 121 stones
 q - 81 sling bullets
Armour
 c - a +0 kite shield (worn)
 i - a +0 chain mail (worn)
 y - a scarf of invisibility (worn)
 D - a +2 pair of boots (worn)
Jewellery
 l - an uncursed ring of protection from fire {unknown}
Wands
 u - a wand of random effects (20)
 x - a wand of enslavement (8)
 E - a wand of iceblast (11)
Scrolls
 a - 2 scrolls of blinking
 b - 2 scrolls of magic mapping {unknown}
 f - 2 scrolls of teleportation
 h - a scroll of fog
 m - 3 scrolls of immolation {unknown}
 o - 3 scrolls of amnesia {unknown}
 p - 5 scrolls of remove curse {unknown}
 w - 4 scrolls of fear {unknown}
 B - 4 scrolls of identify
 C - a scroll of noise {unknown}
 I - a scroll of enchant weapon {unknown}
Potions
 d - a potion of might
 g - 2 potions of heal wounds
 j - 3 potions of curing {unknown}
 k - a potion of flight {unknown}
 n - a potion of brilliance {unknown}
 s - 2 potions of attraction {unknown}
 v - 4 potions of haste
 z - a potion of degeneration {unknown}
 A - a potion of cancellation {unknown}
 F - a potion of lignification {unknown}
 H - a potion of ambrosia {unknown}


   Skills:
 + Level 7.0 Fighting
 + Level 11.1 Long Blades
 + Level 7.4 Armour
 + Level 3.9 Dodging
 + Level 7.2 Shields


You had 8 spell levels left.
You didn't know any spells.
Your spell library was empty.

Dungeon Overview and Level Annotations

Branches:
Dungeon (8/15)             Temple (0/1) D:4
   Lair: D:8-11

Altars:
Dithmenos
Kikubaaqudgha
Makhleb
Sif Muna
Trog
Uskayaw


Innate Abilities, Weirdness & Mutations

You can be seen from farther away. (+LOS)
You can swim through water.
You cover ground slowly.
You can hop short distances.


Message History

Aim: a white ugly thing The white ugly thing flickers and vanishes!
Deactivating autopickup; reactivate with Ctrl-A.
Something bites you. Something freezes you!!
There is an escape hatch in the ceiling here.
Something bites you! Something freezes you!!
* * * LOW HITPOINT WARNING * * *
A mysterious force pulls you upwards. The hatch slams shut behind you.
Reactivating autopickup.
Okay, then.
Hop to where?
Press: ? - help, Dir - move target Boing!
Something bites you but does no damage.
Deactivating autopickup; reactivate with Ctrl-A.
There is a large open door here.
Something bites you.
* * * LOW HITPOINT WARNING * * *
Something freezes you!
You die...

..........##.##.)####.......#..##
...........#####(.......<..###...
............####[####>......#..##
.............##..## ##...##...###
..............#...# ##.####.## #
...≈≈§≈.......#...# #.####.####
..§≈≈≈≈≈.(....#...#####..........
..≈≈≈≈§≈......'...[...######.....
..§≈≈§≈≈......'.@.###.##.........
.)≈≈≈≈§≈......#...# #.##.########
)..≈≈≈≈.......#..<# #.##.#
......§.......#...# #.##.#
.............####.# #.##.#
............## #.# #.##.#
...........## #.# #.##.#
..........##### #.# #.##.#
#........##...# #.# #.##.# ##


There were no monsters in sight!

Vanquished Creatures
  Grinder (D:3)
  2 ice beasts (D:6)
  An orc warrior (D:6)
  A phantom (D:8)
  A black bear (D:7)
  5 ogres
  4 centaurs
  Blork the orc (D:5)
  A big kobold (D:7)
  2 gnoll sergeants (D:7)
  A bullfrog (D:6)
  2 scorpions
  A centaur zombie (D:5)
  A howler monkey (D:4)
  A quasit (D:7)
  8 hounds
  7 orc priests
  3 bullfrog skeletons
  8 orc wizards
  A centaur skeleton (D:7)
  Jessica (D:3)
  3 iguanas
  Terence (D:3)
  3 worker ants (D:4)
  A hound skeleton (D:7)
  4 worker ant zombies
  12 gnolls
  7 adders
  A shadow imp (D:8)
  A white imp (D:4)
  An ooze (D:2)
  An adder skeleton (D:6)
  5 worms
  2 dart slugs
  6 leopard geckos
  32 orcs
  6 bats
  3 giant cockroaches
  5 goblins
  10 hobgoblins
  10 jackals
  2 quokkas
  5 ball pythons
  A frilled lizard (D:2)
  2 jackal skeletons
  A jackal zombie (D:8)
  23 kobolds
  A leopard gecko skeleton (D:5)
  5 rats
207 creatures vanquished.

Vanquished Creatures (others)
  An orc warrior (D:7)
  An ogre (D:7)
  A bullfrog (D:7)
  2 orc wizards (D:7)
  An adder skeleton (D:7)
  2 orcs (D:7)
  A fungus (D:7)
  45 plants (D:7)
54 creatures vanquished.

Grand Total: 261 creatures vanquished

Notes
Turn   | Place    | Note
-------+----------+-------------------------------------------
     0 | D:1      | Almogavar the Barachi Fighter began the quest for the Orb.
     0 | D:1      | Reached XP level 1. HP: 18/18 MP: 1/1
   639 | D:1      | Reached XP level 2. HP: 21/25 MP: 2/2
  1079 | D:2      | Reached XP level 3. HP: 19/30 MP: 3/3
  1281 | D:2      | Reached skill level 3 in Long Blades
  1536 | D:2      | Reached XP level 4. HP: 27/37 MP: 4/4
  1839 | D:3      | Reached skill level 1 in Dodging
  2200 | D:3      | Found an ancient bone altar of Kikubaaqudgha.
  2304 | D:3      | Found a burning altar of Makhleb.
  2307 | D:3      | Became a worshipper of Makhleb the Destroyer
  2314 | D:3      | Found a hide-covered altar of Uskayaw.
  2436 | D:3      | Reached XP level 5. HP: 13/42 MP: 5/5
  2883 | D:3      | Found a shadowy altar of Dithmenos.
  2887 | D:3      | Noticed Jessica
  2892 | D:3      | Killed Jessica
  2893 | D:3      | Reached skill level 4 in Long Blades
  3069 | D:3      | Noticed Grinder
  3076 | D:3      | Paralysed by Grinder for 3 turns
  3094 | D:3      | Killed Grinder
  3095 | D:3      | Reached skill level 5 in Long Blades
  3095 | D:3      | Reached skill level 5 in Armour
  3095 | D:3      | Reached XP level 6. HP: 22/49 MP: 6/6
  3265 | D:3      | Noticed Terence
  3284 | D:3      | Killed Terence
  3670 | D:4      | Found a staircase to the Ecumenical Temple.
  3677 | D:4      | Reached XP level 7. HP: 55/55 MP: 7/7
  3678 | D:4      | Got a jewelled war axe
  3723 | D:4      | Reached skill level 6 in Long Blades
  3723 | D:4      | Reached skill level 5 in Shields
  3990 | D:4      | Reached skill level 5 in Fighting
  3992 | D:4      | Reached * piety under Makhleb
  4166 | D:4      | Reached skill level 7 in Long Blades
  4301 | D:4      | Reached XP level 8. HP: 61/62 MP: 8/8
  4496 | D:4      | Identified the +9 war axe "Beetlebane" {speed, rElec Int+4}
                  | (You found it on level 4 of the Dungeon)
  4541 | D:5      | Entered Level 5 of the Dungeon
  5002 | D:5      | Found a bloodstained altar of Trog.
  5180 | D:5      | Noticed Blork the orc
  5195 | D:5      | Killed Blork the orc
  5196 | D:5      | Found a shimmering blue altar of Sif Muna.
  5563 | D:5      | Reached skill level 8 in Long Blades
  6022 | D:6      | Reached ** piety under Makhleb
  6140 | D:6      | Reached XP level 9. HP: 47/69 MP: 9/9
  6323 | D:6      | Reached skill level 9 in Long Blades
  7524 | D:7      | Reached skill level 10 in Long Blades
  7586 | D:7      | Reached *** piety under Makhleb
  8921 | D:8      | Reached skill level 11 in Long Blades
  8936 | D:8      | Noticed a white ugly thing
  8950 | D:7      | Mangled by a white ugly thing

Illustrated notes

Levels and vault maps discovered:
D:1:      dpeg_arrival_yet_another_circle, layout_basic, serial_glass,
          glass_columns_a, glass_columns_a, feat_on_display,
          minmay_strange_pillars, due_unseen_surprise, minmay_strange_pillars,
          item_on_display_a
D:2:      kennysheep_big_flooded_room, layout_rooms,
          chequers_serial_rivers_room_b
D:3:      layout_basic, lemuel_doored_altar, minitemple, uniq_jessica,
          uniq_grinder, uniq_terence
D:4:      minmay_wonky_spiral, layout_basic, minmay_temple_entry_butterflies
D:5:      layout_loops_corners, tgw_sif, nicolae_overflow_crystal_walls,
          kennysheep_boxes
D:6:      layout_loops_ring, columned_hall_lemuel
D:7:      kennysheep_housing_project, layout_loops_ring,
          kennysheep_big_empty_room, minmay_misc_feat_plants,
          lemuel_flamethrower_2
D:8:      layout_loops_ring, basic_altar, trog_wizard

Skill      XL: |  1  2  3  4  5  6  7  8  9 |
---------------+----------------------------+-----
Armour         | 4 5 6 7 |  7.4
Long Blades    | 3 5 7 8 11 | 11.1
Shields        | 4 5 6 7 |  7.2
Fighting       | 4 5 6 7 |  7.0
Dodging        | 1 2 3 |  3.9

Action                   |  1- 3 |  4- 6 |  7- 9 || total
-------------------------+-------+-------+-------++-------
Melee: Long sword        |   112 |   139 |   445 ||   696
 Abil: Hop               |       |       |     1 ||     1
Evoke: Wand              |       |       |     2 ||     2
  Use: Scroll            |     1 |     2 |     1 ||     4
       Potion            |       |       |     2 ||     2
 Stab: Distracted        |       |       |     1 ||     1
Armor: Scale mail        |    63 |    52 |    78 ||   193
       Chain mail        |       |       |    87 ||    87
Dodge: Dodged            |    42 |    30 |   107 ||   179
Block: Kite shield       |    70 |    68 |   216 ||   354
       Rpst.: Long sword |    13 |     7 |    34 ||    54
